Map: [ESL] Gresvan

Players

Serral

  • Race: Zerg Zerg
  • Spawn Location: 5:00

Reynor - Winner!

  • Race: Zerg Zerg
  • League: Master
  • Spawn Location: 11:00

Event: HomeStory Cup XXIII

VOD

Have the link to the VOD?

Description

Time

  • Played on: July 2, 2023, 8:59 a.m.
  • Length: 22:54

All games in this series

Show
View Real Time Build Order
Export as new Build Order

Serral Zerg 

Build Orders: Hatch First 

Get SALT Encoding   

  12  0:00  Drone  
  13  0:12  Overlord  
  13  0:17  Drone  
  14  0:30  Drone x2  
  16  0:48  Hatchery  
  15  0:52  Drone  
  15  0:55  Drone  
  17  0:58  Drone  
  18  1:09  Extractor  
  17  1:13  Spawning Pool  
  17  1:17  Drone  
  17  1:20  Drone  
  18  1:28  Drone  
  19  1:38  Drone  
  20  1:50  Drone  
  21  2:00  Queen x2  
  21  2:01  Overlord, Zergling x2  
  26  2:09  Metabolic Boost  
  26  2:11  Drone  
  26  2:12  Drone  
  28  2:23  Drone x2  
  30  2:34  Hatchery  
  29  2:37  Drone  
  29  2:39  Drone  
  29  2:43  Drone  
  32  2:47  Baneling Nest  
  31  2:53  Overlord  
  31  2:56  Drone x2  
  33  3:04  Queen  
  35  3:06  Zergling x2  
  35  3:11  Drone x2  
  35  3:12  Drone  
  39  3:14  Zergling x2  
  39  3:15  Zergling x2  
  39  3:19  Overlord  
  41  3:22  Zergling x2  
  41  3:24  Drone  
  41  3:25  Drone  
  44  3:39  Drone x5  
  49  3:44  Overlord  
  49  3:45  Drone x3  
  52  3:48  Drone x2  
  52  3:54  Drone, Evolution Chamber  
  54  4:00  Drone  
  54  4:01  Extractor, Roach Warren  
  53  4:03  Drone  
  53  4:04  Baneling x2  
  53  4:06  Zergling x2  
  55  4:10  Overlord  
  55  4:11  Zergling x2  
  55  4:17  Spine Crawler  
  54  4:21  Zergling x8  
  54  4:22  Spine Crawler  
  58  4:26  Spine Crawler, Baneling x4  
  56  4:33  Zergling x2  
  56  4:34  Zergling x8  
  56  4:38  Zergling x4  
  58  4:44  Zergling x8  
  57  4:50  Roach  
  50  5:08  Baneling x2  
  50  5:10  Queen  
  50  5:11  Drone x3  
  50  5:14  Queen  
  51  5:16  Queen  
  51  5:21  Drone x3  
  58  5:27  Drone x2  
  59  5:29  Overlord  
  59  5:32  Drone x2  
  61  5:41  Evolution Chamber  
  59  5:44  Drone x3  
  59  5:47  Lair  
  62  5:51  Roach  
  62  5:52  Drone  
  62  5:56  Overlord  
  64  6:04  Drone x3  
  64  6:07  Zerg Missile Weapons Level 1  
  64  6:10  Extractor  
  64  6:11  Extractor  
  65  6:14  Drone x2  
  65  6:17  Roach  
  65  6:18  Roach x3  
  75  6:23  Drone  
  75  6:24  Drone x2  
  78  6:30  Overlord  
  78  6:33  Drone x2  
  78  6:36  Extractor, Overlord  
  86  6:40  Roach x4  
  86  6:47  Roach x2  
  90  6:50  Overlord  
  90  6:51  Glial Reconstitution  
  90  6:53  Overlord  
  91  6:54  Roach x2  
  91  6:58  Overlord  
  93  7:01  Overlord  
  93  7:07  Overlord  
  97  7:08  Roach x2  
  97  7:10  Roach x2  
  97  7:11  Roach x3  
  97  7:15  Roach  
  108  7:17  Ravager x2  
  108  7:18  Ravager  
  108  7:20  Roach x2  
  115  7:24  Roach x4  
  123  7:40  Roach x4  
  123  7:41  Roach x4  
  128  7:47  Roach  
  128  7:48  Roach  
  128  7:51  Roach  
  120  7:55  Roach x4  
  120  7:56  Queen x2  
  118  8:03  Roach x2, Zerg Missile Weapons Level 2  
  112  8:06  Roach  
  112  8:09  Roach  
  112  8:12  Queen  
  112  8:17  Roach x2, Overseer  
  114  8:22  Roach x2  
  114  8:26  Ravager  
  119  8:34  Roach x3  
  125  8:42  Roach x2  
  125  8:43  Overlord  
  125  8:44  Hatchery  
  128  8:49  Overlord  
  128  8:54  Roach x2  
  132  9:01  Drone  
  133  9:03  Roach  
  133  9:04  Overseer  
  133  9:05  Overlord  
  133  9:09  Roach  
  126  9:17  Roach x6  
  126  9:18  Roach x2  
  126  9:19  Ravager x2  
  126  9:24  Roach  
  144  9:28  Roach  
  146  9:34  Roach x5  
  140  9:40  Roach x2  
  132  9:46  Roach  
  113  9:53  Roach x6  
  116  10:06  Drone x6  
  121  10:16  Drone x5  
  121  10:20  Roach  
  128  10:24  Ravager  
  128  10:25  Ravager x3  
  132  10:30  Roach x3  
  138  10:39  Roach x2  
  138  10:40  Roach x2  
  146  10:49  Roach x5  
  151  10:51  Roach  
  151  10:52  Roach  
  151  10:54  Roach  
  151  10:56  Roach  
  145  10:58  Roach  
  145  11:00  Roach  
  145  11:01  Roach  
  145  11:03  Roach  
  144  11:06  Roach x2  
  144  11:09  Ravager  
  144  11:10  Ravager  
  144  11:11  Roach x2  
  144  11:20  Roach x5  
  144  11:25  Hydralisk Den  
  153  11:26  Extractor  
  153  11:28  Drone x3  
  153  11:32  Roach x2  
  159  11:35  Overseer  
  159  11:38  Overlord x2  
  159  11:43  Roach x3  
  159  11:45  Overseer  
  165  11:49  Overlord x2  
  165  11:51  Overlord  
  165  11:53  Drone  
  165  11:54  Drone  
  167  11:58  Zerg Ground Armor Level 1  
  167  12:02  Roach x2  
  167  12:03  Roach  
  173  12:11  Burrow, Tunneling Claws  
  173  12:12  Roach x2  
  179  12:15  Roach  
  179  12:16  Roach  
  179  12:17  Roach  
  183  12:22  Queen  
  183  12:25  Roach x2  
  183  12:27  Pneumatized Carapace  
  189  12:32  Roach x2  
  189  12:33  Roach  
  195  12:42  Roach  
  195  12:43  Ravager x2  
  193  12:57  Roach x10  
  191  13:02  Roach x2  
  169  13:09  Roach x4  
  151  13:14  Roach x2  
  151  13:19  Roach x25  
  157  13:22  Roach x12  
  157  13:26  Roach x4  
  165  13:27  Ravager  
  165  13:31  Roach x2  
  170  13:43  Roach x6  
  170  13:45  Roach  
  176  14:03  Ravager  
  176  14:04  Overseer  
  176  14:05  Roach x2  
  176  14:07  Roach x8  
  176  14:08  Roach, Infestation Pit  
  179  14:19  Roach  
  179  14:20  Roach x6  
  179  14:22  Roach  
  187  14:28  Roach x5  
  189  14:33  Roach  
  189  14:35  Roach  
  189  14:36  Roach x5  
  194  14:39  Roach  
  194  14:40  Roach x28  
  194  14:43  Roach x9  
  194  14:45  Roach x5  
  190  14:56  Drone  
  191  15:00  Roach  
  191  15:01  Roach x2  
  191  15:02  Hatchery  
  190  15:20  Roach x11  
  162  15:29  Roach x4  
  170  15:38  Ravager  
  170  15:39  Roach x6, Ravager  
  170  15:40  Ravager  
  170  15:41  Ravager x2  
  175  15:43  Extractor  
  175  15:44  Drone x3  
  175  15:46  Roach x3  
  183  15:51  Roach x9  
  183  15:54  Roach x3, Infestation Pit  
  182  15:59  Extractor, Roach x3  
  183  16:06  Roach  
  183  16:07  Roach x3  
  191  16:16  Roach x17  
  189  16:35  Roach x6  
  189  16:36  Roach x18  
  189  16:38  Hive  
  199  16:47  Roach x3  
  191  16:56  Roach x2  
  191  16:57  Roach x2  
  191  16:58  Roach x4  
  197  17:12  Roach x2  
  183  17:17  Roach x9  
  191  17:25  Roach x5  
  183  17:35  Roach x4  
  183  17:36  Roach x2  
  187  17:49  Viper x2  
  193  17:51  Zerg Missile Weapons Level 3  
  193  17:53  Grooved Spines  
  193  17:57  Hydralisk x4  
  197  18:07  Hydralisk  
  195  18:17  Roach x2  
  195  18:18  Roach  
  189  18:23  Roach x7  
  199  18:28  Hatchery  
  199  18:31  Roach x3  
  198  18:39  Roach x2  
  198  18:50  Roach  
  198  18:51  Roach x2  
  200  18:57  Roach  
  200  18:58  Roach x2  
  200  18:59  Roach x3  
  200  19:02  Roach x2, Overseer  
  196  19:06  Muscular Augments  
  196  19:09  Hatchery  
  191  19:12  Overlord x2  
  191  19:14  Roach x17  
  191  19:17  Overlord, Lurker Den  
  186  19:28  Viper x2  
  188  19:38  Extractor  
  188  19:39  Drone x3  
  188  19:40  Drone  
  188  19:41  Extractor  
  188  19:46  Hydralisk x6, Evolution Chamber  
  188  19:51  Spore Crawler  
  188  19:56  Roach x2  
  188  19:57  Roach x3  
  182  20:08  Roach x3  
  182  20:10  Drone  
  182  20:15  Lurker  
  182  20:17  Seismic Spines  
  170  20:34  Hydralisk x4  
  149  20:47  Lurker x6  
  155  20:57  Hatchery  
  155  21:03  Hydralisk  
  150  21:07  Hydralisk x3  
  153  21:29  Hydralisk x2, Hatchery  
  152  21:42  Hydralisk x2  
  156  21:49  Adaptive Talons  
  156  21:52  Drone x3  
  159  21:59  Hydralisk  
  161  22:08  Viper  
  161  22:15  Hydralisk x3, Roach x3  
  161  22:19  Roach  
  155  22:23  Hydralisk  
  155  22:28  Roach x2  
  155  22:29  Roach  
Show
View Real Time Build Order
Export as new Build Order

Reynor Zerg - Winner!

Build Orders: Hatch First 

Get SALT Encoding   

  12  0:00  Drone  
  13  0:12  Overlord  
  13  0:16  Drone  
  14  0:30  Drone x2  
  16  0:49  Hatchery  
  15  0:51  Drone  
  15  0:55  Drone  
  17  0:58  Drone  
  18  1:10  Extractor  
  17  1:13  Spawning Pool  
  17  1:16  Drone  
  17  1:19  Drone  
  18  1:27  Drone  
  19  1:38  Drone  
  20  1:49  Drone  
  21  1:59  Overlord  
  21  2:00  Queen x2, Drone  
  26  2:11  Drone  
  26  2:12  Zergling x2  
  26  2:13  Metabolic Boost  
  28  2:21  Drone  
  28  2:22  Drone  
  30  2:32  Hatchery  
  30  2:34  Drone  
  30  2:38  Drone  
  31  2:44  Baneling Nest  
  31  2:46  Drone  
  31  2:47  Drone  
  32  2:55  Roach Warren  
  31  3:00  Overlord  
  31  3:03  Zergling x2  
  32  3:08  Zergling x4  
  34  3:24  Overlord  
  34  3:26  Evolution Chamber  
  33  3:36  Roach x5  
  43  3:42  Roach x2  
  43  3:45  Zergling x4  
  43  3:46  Zergling x2  
  50  3:48  Zergling x2  
  50  3:50  Drone  
  50  3:53  Drone  
  53  4:00  Drone x2, Baneling x2  
  53  4:02  Zergling x2  
  56  4:07  Overlord  
  56  4:11  Drone  
  56  4:15  Drone  
  58  4:19  Overlord  
  58  4:21  Baneling x2  
  58  4:26  Drone x4  
  62  4:35  Zergling x6  
  62  4:36  Overlord  
  62  4:38  Drone  
  65  4:39  Drone  
  65  4:43  Drone x2  
  62  4:47  Overlord  
  62  4:51  Drone  
  62  4:53  Drone  
  62  4:54  Drone  
  62  4:55  Drone  
  62  4:56  Drone  
  62  4:58  Drone  
  62  4:59  Drone  
  63  5:01  Drone  
  63  5:02  Drone  
  63  5:04  Drone  
  56  5:07  Queen  
  56  5:12  Zergling x6  
  61  5:19  Extractor  
  61  5:20  Zerg Ground Armor Level 1  
  60  5:22  Drone  
  60  5:23  Extractor, Drone x2  
  60  5:27  Drone x3  
  65  5:29  Overlord  
  65  5:30  Drone  
  65  5:32  Baneling  
  66  5:39  Roach  
  66  5:40  Zergling x2  
  66  5:41  Zergling x4  
  70  5:46  Zergling x4  
  70  5:47  Zergling x4  
  70  5:49  Overlord  
  74  5:53  Roach, Extractor  
  74  5:56  Overlord  
  75  5:57  Roach x2  
  75  5:58  Zergling x4  
  75  6:02  Roach  
  83  6:07  Roach  
  83  6:10  Roach  
  87  6:11  Overlord  
  87  6:16  Roach  
  89  6:21  Roach x2  
  89  6:24  Roach x3  
  89  6:25  Zergling x6  
  102  6:29  Roach  
  102  6:32  Roach x2  
  108  6:39  Overlord  
  108  6:43  Roach x2  
  111  6:50  Roach  
  111  6:51  Roach x2  
  111  6:53  Roach  
  119  6:57  Roach  
  119  6:58  Zergling x8  
  119  6:59  Roach x2, Zergling x2  
  129  7:06  Overlord x2  
  129  7:09  Overlord  
  129  7:14  Overlord  
  129  7:15  Baneling x5  
  129  7:16  Baneling x3  
  129  7:17  Baneling x3  
  129  7:21  Overlord  
  129  7:23  Overlord  
  129  7:25  Roach  
  129  7:26  Zergling x4  
  129  7:27  Zergling x4  
  135  7:35  Roach x2, Zergling x6  
  137  7:43  Roach x2  
  127  7:46  Roach x2  
  127  7:48  Zergling x2  
  125  7:56  Roach  
  125  7:57  Roach x3, Zergling x2  
  121  8:00  Roach x2, Zergling x4  
  121  8:04  Lair  
  116  8:07  Roach  
  116  8:08  Roach  
  116  8:11  Roach  
  104  8:15  Zerg Missile Weapons Level 1  
  104  8:17  Drone  
  104  8:18  Drone  
  95  8:21  Drone x2  
  95  8:22  Roach x2  
  95  8:24  Extractor  
  100  8:29  Roach  
  100  8:30  Hatchery  
  100  8:32  Roach, Drone  
  104  8:39  Drone  
  105  8:42  Roach  
  105  8:44  Roach  
  105  8:45  Drone x3  
  105  8:47  Drone x2  
  105  8:48  Extractor, Drone  
  115  8:50  Evolution Chamber  
  115  8:51  Baneling x2  
  115  8:53  Roach x2  
  115  8:54  Roach x2  
  121  8:56  Overlord  
  121  8:57  Roach  
  121  9:03  Roach  
  121  9:06  Glial Reconstitution  
  121  9:08  Roach x2  
  124  9:16  Roach x6  
  135  9:20  Ravager  
  135  9:21  Ravager  
  136  9:25  Roach x4  
  136  9:27  Roach  
  136  9:28  Roach  
  148  9:34  Roach x2  
  148  9:36  Roach  
  142  9:39  Roach  
  142  9:41  Roach  
  130  9:47  Roach x3, Queen  
  130  9:50  Roach x2  
  130  9:52  Baneling x2  
  127  9:53  Roach  
  125  10:03  Roach x5  
  125  10:06  Queen  
  129  10:09  Roach  
  130  10:14  Roach x4  
  130  10:19  Zerg Missile Weapons Level 2  
  138  10:24  Roach x3  
  138  10:26  Zergling x2  
  145  10:31  Drone  
  145  10:32  Drone  
  147  10:36  Overlord  
  147  10:37  Drone  
  147  10:39  Zerg Ground Armor Level 2  
  147  10:42  Drone x3  
  151  10:44  Roach  
  151  10:55  Roach x7  
  154  10:58  Roach  
  154  11:00  Roach x2  
  140  11:07  Roach x3  
  140  11:10  Roach x3  
  144  11:17  Roach x4  
  152  11:21  Extractor  
  152  11:22  Roach x2  
  152  11:23  Roach  
  152  11:25  Ravager x2  
  158  11:28  Ravager  
  158  11:30  Roach  
  158  11:32  Roach  
  164  11:33  Overlord  
  164  11:35  Baneling x2  
  164  11:36  Roach  
  164  11:39  Roach  
  168  11:40  Roach  
  168  11:45  Roach  
  168  11:46  Spore Crawler  
  168  11:47  Roach x4  
  179  11:48  Spore Crawler  
  179  11:50  Roach  
  179  11:52  Roach  
  179  11:54  Overlord, Ravager  
  183  11:57  Roach  
  183  12:00  Roach  
  187  12:03  Ravager x2  
  187  12:07  Roach  
  191  12:14  Ravager x2  
  197  12:15  Roach x2  
  197  12:18  Extractor  
  197  12:19  Roach x2  
  200  12:36  Pneumatized Carapace  
  198  12:44  Hatchery  
  192  12:54  Roach x8  
  190  13:00  Roach x6  
  190  13:03  Roach x7  
  194  13:06  Roach x3  
  194  13:08  Roach  
  165  13:16  Roach x4  
  163  13:21  Roach x3  
  163  13:24  Ravager x4  
  163  13:25  Ravager  
  174  13:28  Roach x2  
  174  13:30  Roach  
  174  13:33  Roach  
  182  13:36  Roach x2  
  182  13:39  Roach  
  188  13:44  Overseer x2  
  186  13:50  Roach x4  
  186  13:53  Overseer  
  184  14:01  Roach x3  
  180  14:05  Roach x2  
  184  14:10  Drone x2  
  184  14:14  Roach Warren  
  181  14:37  Infestation Pit  
  176  14:38  Queen  
  171  14:55  Roach x12  
  171  14:56  Roach  
  171  14:58  Overlord  
  193  15:10  Roach x3  
  193  15:11  Overlord  
  197  15:20  Roach x10  
  168  15:28  Roach x4  
  168  15:29  Roach  
  174  15:38  Hive  
  174  15:39  Roach  
  176  15:45  Ravager  
  176  15:49  Roach x4  
  185  15:50  Overseer x2  
  185  15:58  Roach x3  
  185  16:02  Roach x2  
  195  16:07  Drone x5  
  192  16:25  Roach x5  
  190  16:34  Roach  
  190  16:35  Roach x5  
  200  16:46  Roach  
  200  16:53  Hydralisk Den  
  195  16:54  Roach  
  195  16:55  Roach  
  195  16:57  Ravager  
  200  17:05  Zerg Ground Armor Level 3, Zerg Missile Weapons Level 3  
  196  17:10  Roach x5  
  192  17:16  Roach x5  
  185  17:31  Roach x7  
  193  17:43  Lurker Den  
  193  17:44  Drone x4  
  193  17:46  Burrow  
  193  17:47  Extractor  
  193  17:49  Spore Crawler  
  193  17:50  Drone x3, Spine Crawler  
  196  18:02  Hydralisk x2  
  179  18:28  Hydralisk x3  
  179  18:33  Roach x3, Viper  
  179  18:34  Roach x10  
  197  18:43  Seismic Spines  
  197  18:44  Lurker x2  
  197  18:45  Drone  
  195  19:01  Roach x3  
  198  19:09  Roach x11  
  194  19:14  Overlord  
  192  19:19  Roach x3  
  196  19:40  Hydralisk x3  
  196  19:45  Roach x35  
  194  19:48  Roach x5  
  194  20:05  Roach x11  
  184  20:14  Roach x8  
  184  20:16  Overlord  
  184  20:20  Overlord x2  
  192  20:22  Overlord  
  192  20:27  Hydralisk x5  
  190  20:29  Roach x2  
  190  20:33  Roach  
  186  20:35  Roach x2  
  186  20:36  Roach x2  
  186  20:39  Roach x2  
  186  20:48  Viper x4  
  196  20:57  Hatchery, Overseer  
  196  20:58  Drone x2  
  196  20:59  Extractor, Drone  
  196  21:00  Extractor  
  196  21:02  Overlord  
  196  21:11  Hydralisk x2  
  196  21:17  Spine Crawler  
  199  21:20  Drone, Spine Crawler  
  199  21:21  Drone, Overseer  
  200  21:43  Overseer x3  
  200  21:52  Adaptive Talons  
  194  22:02  Hydralisk x2  
  194  22:03  Hydralisk  
  200  22:12  Overseer x4  
  200  22:24  Extractor  
  200  22:28  Spine Crawler, Spore Crawler  
  194  22:41  Overseer  
Tags
 
Add a new tag
Caveats
  • Supply blocks, unpowered buildings, or Contaminate may cause inaccurate times.
  • Supply counts are checked every 10 seconds.